 Dungeon Crawl Stone Soup version 0.21-a0-632-g1e37ce5 (webtiles) character file.

7024 urgleburgle the Basher (level 10, 0/91 HPs)
             Began as a Minotaur Berserker on Dec 27, 2017.
             Was a Priest of Trog.
             Killed from afar by an orc wizard (6 damage)
             ... with a magic dart
             ... on level 1 of the Orcish Mines on Dec 28, 2017.
             The game lasted 01:24:29 (10287 turns).

urgleburgle the Basher (Minotaur Berserker)        Turns: 10287, Time: 01:24:29

Health: 0/91       AC: 20    Str: 32    XL:     10   Next: 82%
Magic:  0/9        EV: 15    Int:  4    God:    Trog [***...]
Gold:   675        SH:  6    Dex: 17    Spells: 9/9 levels left

rFire    + . .     SeeInvis .   a - +1 mace
rCold    . . .     Gourm    .   d - +0 buckler
rNeg     + . .     Faith    .   f - +2 plate armour
rPois    .         Spirit   +   (helmet restricted)
rElec    .         Reflect  .   P - scarf {Spirit}
rCorr    .         Harm     .   K - +0 pair of gloves {archery}
MR       .....                  q - +0 pair of boots
Stlth    ..........             k - amulet of rage
HPRegen  0.25/turn              Q - ring "Neipank" {+Blink rF+ Str+4}
MPRegen  0.11/turn              A - ring of positive energy

@: mighty, agile, lethally poisoned (0 -> -3), berserk cooldown, slowed, very
slow
A: retaliatory headbutt, horns 2
a: Berserk, Trog's Hand, Burn Spellbooks, Renounce Religion, Evoke Blink, Evoke
Berserk Rage


You were on level 1 of the Orcish Mines.
You worshipped Trog.
Trog was most pleased with you.
You were not hungry.

You visited 2 branches of the dungeon, and saw 12 of its levels.
You also visited: Sewer.

You collected 675 gold pieces.

Inventory:

Hand Weapons
 a - a +1 mace (weapon)
 e - a +2 vampiric dagger
 l - a +0 spear
 o - a +0 hand axe
 w - a +0 rapier
 z - a +0 halberd
 L - a +6 dire flail of protection
 N - a +2 vampiric hand axe
 X - a +0 battleaxe
 Z - a +2 mace of holy wrath
Missiles
 y - 2 javelins (quivered)
 U - 8 silver javelins
Armour
 d - a +0 buckler (worn)
 f - a +2 plate armour (worn)
 m - a +0 pair of gloves
 q - a +0 pair of boots (worn)
 x - a +0 cloak
 J - the +0 leather armour "Xoqidem" {Int+5}
   (You found it on level 9 of the Dungeon)

   It affects your intelligence (+5).
 K - a +0 pair of gloves of archery (worn)
 P - a scarf of spirit shield (worn)
 T - a +0 troll leather armour
 Y - a +0 plate armour
Jewellery
 h - an uncursed amulet of rage
 k - an amulet of rage (around neck)
 p - a +2 ring of intelligence
 A - a ring of positive energy (right hand)
 D - an uncursed amulet of rage
 Q - the ring "Neipank" (left hand) {+Blink rF+ Str+4}
   (You found it on level 8 of the Dungeon)

   [ring of protection from fire]

   It affects your strength (+4).
   It protects you from fire.
   It lets you blink.
Wands
 v - a wand of digging (11)
 R - a wand of clouds (5)
Scrolls
 b - 2 scrolls of amnesia
 s - a scroll of noise
 B - a scroll of remove curse
 F - 5 scrolls of fog
 W - a scroll of fear
Potions
 j - 3 potions of mutation
 n - 4 potions of curing
 r - a potion of lignification {unknown}
 t - 8 potions of brilliance
 C - 2 potions of haste
 E - a potion of invisibility {unknown}
 I - a potion of magic {unknown}
 M - a potion of cancellation
 O - a potion of ambrosia {unknown}
 V - 5 potions of degeneration
Miscellaneous
 S - a lightning rod (3/4)
Comestibles
 c - 15 rations


   Skills:
 + Level 9.1 Fighting
 + Level 12.2 Maces & Flails
 + Level 1.2 Throwing
 + Level 11.7 Armour
 + Level 3.0 Dodging
 + Level 1.6 Stealth
 + Level 5.4 Shields
 + Level 0.5 Evocations


You had 9 spell levels left.
You didn't know any spells.

Dungeon Overview and Level Annotations

Branches:
Dungeon (10/15)            Temple (0/1) D:7             Orc (2/2) D:10
    Elf (0/3) Orc:2
   Lair: D:8-11

Altars:
Ashenzari
Cheibriados
Elyvilon
Gozag
Hepliaklqana
Nemelex Xobeh
Vehumet

Annotations:
D:5 Sigmund
Orc:1 Harold


Innate Abilities, Weirdness & Mutations

You reflexively headbutt those who attack you in melee.
You have a pair of horns on your head.


Message History

Trog appreciates your killing of a magic user.
The fiery explosion engulfs you! You resist.
* * * LOW HITPOINT WARNING * * *
Trog accepts your kill. The ogre hits you but does no damage.
You hear a shout!
An orc warrior comes into view. It is wielding a flail.
The orc wizard misses you. You furiously retaliate!
You headbutt the orc wizard. The orc barely misses you.
The orc wizard mumbles some strange words.
The orc wizard flickers and vanishes!
The orc wizard hits you with a dagger of venom.
* * * LOW HITPOINT WARNING * * *
You are poisoned.
Aiming: Dig
Press: ? - help, Shift-Dir - straight line The rock shatters into small pieces.
You feel sick.
The orc wizard gestures at you while chanting.
The magic dart hits you!
You die...

## ##
##.## ..#
#...#....
#...#....
##.$..$...
#oO$.#....
#@o.o.# .
#.§#.#....
#)§§§.....
#.§§§.....
#.§§ho{...
#%...h%$..
#......o..
#......>o.
#..%.....


You could see 2 wargs, 2 orc warriors, an ogre (inner flame), an orc priest, an
orc wizard (inner flame) and 2 orcs.

Vanquished Creatures
  A two-headed ogre (D:9)
  A manticore (D:8)
  A gargoyle (D:10)
  The ghost of Typerbomb the Slicer, a novice DsBe of Trog (D:5)
  2 trolls
  3 yaks (D:9)
  Eustachio (D:4)
  Edmund (D:6)
  A water moccasin (D:7)
  A swamp drake (D:10)
  An ice beast (D:9)
  An orc warrior (D:10)
  3 sky beasts
  A black bear (D:6)
  3 phantoms
  A wolf (D:8)
  A crocodile (D:8)
  5 ogres
  A centaur (D:9)
  A big kobold (D:9)
  4 bullfrogs
  A scorpion (D:10)
  3 killer bees (D:10)
  A howler monkey (D:4)
  3 crimson imps
  A centaur zombie (D:8)
  3 jellies (D:8)
  8 hounds (D:8)
  5 orc priests
  3 centaur skeletons
  A bullfrog skeleton (D:10)
  An iguana (D:8)
  4 orc wizards
  3 worker ants
  A hound zombie (D:10)
  A hound skeleton (D:6)
  19 adders
  7 gnolls (D:4)
  3 river rats (Sewer)
  2 shadow imps
  7 oozes
  2 worms
  4 dart slugs (D:1)
  6 leopard geckos
  24 orcs
  9 ball pythons
  6 giant cockroaches
  5 hobgoblins
  10 jackals
  2 quokkas
  9 bats
  9 frilled lizards
  6 goblins
  7 kobolds
  A leopard gecko skeleton (D:4)
  A quokka skeleton (D:4)
  31 rats
244 creatures vanquished.

Vanquished Creatures (collateral kills)
  2 trolls
  An orc warrior (D:10)
  A big kobold (D:8)
  A water moccasin zombie (D:10)
  An orc wizard (D:10)
  An orc priest (D:10)
  4 orcs (D:10)
  2 kobolds
13 creatures vanquished.

Vanquished Creatures (others)
  An orc priest (D:10)
  A quokka (D:5)
2 creatures vanquished.

Grand Total: 259 creatures vanquished

Notes
Turn   | Place    | Note
-------+----------+-------------------------------------------
     0 | D:1      | urgleburgle the Minotaur Berserker began the quest for the Orb.
     0 | D:1      | Reached XP level 1. HP: 19/19 MP: 0/0
    98 | D:1      | Reached XP level 2. HP: 26/27 MP: 1/1
   275 | D:1      | Reached skill level 4 in Maces & Flails
   587 | D:1      | Reached XP level 3. HP: 29/33 MP: 2/2
   589 | D:1      | Reached ** piety under Trog
  1307 | D:2      | Found a sparkling altar of Nemelex Xobeh.
  1941 | D:3      | Found a shattered altar of Ashenzari.
  1941 | D:3      | Found a radiant altar of Vehumet.
  1941 | D:3      | Found a snail-covered altar of Cheibriados.
  2133 | D:3      | Reached skill level 5 in Maces & Flails
  2133 | D:3      | Reached XP level 4. HP: 41/41 MP: 3/3
  2876 | D:3      | Found a faded altar of an unknown god.
  3030 | D:4      | Reached XP level 5. HP: 42/47 MP: 4/4
  3066 | D:4      | Noticed Eustachio
  3080 | D:4      | Killed Eustachio
  3080 | D:4      | Reached skill level 5 in Fighting
  3080 | D:4      | Reached skill level 6 in Maces & Flails
  3080 | D:4      | Reached XP level 6. HP: 44/56 MP: 5/5
  3494 | D:4      | Reached *** piety under Trog
  3575 | D:5      | Entered Level 5 of the Dungeon
  3682 | D:5      | Reached skill level 7 in Maces & Flails
  3705 | D:5      | Noticed Sigmund
  3717 | D:5      | Reached skill level 5 in Armour
  3717 | D:5      | Reached XP level 7. HP: 60/61 MP: 6/6
  3876 | D:5      | Noticed Typerbomb's ghost (novice DsBe)
  3898 | D:5      | Killed Typerbomb's ghost
  3898 | D:5      | Reached skill level 8 in Maces & Flails
  3898 | D:5      | Reached skill level 1 in Shields
  3898 | D:5      | Reached XP level 8. HP: 70/70 MP: 7/7
  3916 | D:5      | Found a white marble altar of Elyvilon.
  4006 | D:5      | Reached skill level 9 in Maces & Flails
  4434 | D:6      | Reached skill level 1 in Throwing
  4766 | D:6      | Found a glowing drain.
  4775 | Sewer    | Entered a sewer
  4969 | Sewer    | Reached **** piety under Trog
  5321 | D:6      | Noticed Edmund
  5335 | D:6      | Killed Edmund
  5335 | D:6      | Reached skill level 10 in Maces & Flails
  5693 | D:7      | Found a staircase to the Ecumenical Temple.
  5822 | D:7      | Reached XP level 9. HP: 79/79 MP: 8/8
  5845 | D:7      | Found a hazy altar of Hepliaklqana.
  6619 | D:8      | Reached skill level 1 in Stealth
  6627 | D:8      | Noticed a manticore
  6635 | D:8      | Killed a manticore
  6642 | D:8      | Got a glittering silver ring
  6643 | D:8      | Identified the ring "Neipank" {+Blink rF+ Str+4} (You found it on level 8 of the Dungeon)
  6868 | D:8      | Noticed a two-headed ogre
  7334 | D:7      | Upgraded the game from 0.21-a0-630-g344d351 to 0.21-a0-632-g1e37ce5
  7574 | D:8      | Noticed a troll
  7592 | D:8      | Killed a troll
  8124 | D:9      | Found a sparkling altar of Nemelex Xobeh.
  8145 | D:9      | Found an opulent altar of Gozag.
  8280 | D:9      | Reached skill level 11 in Maces & Flails
  8325 | D:9      | Got a brightly glowing leather armour
  8336 | D:9      | Identified the cursed +0 leather armour "Xoqidem" {Int+5} (You found it on level 9 of the Dungeon)
  8376 | D:9      | Reached skill level 10 in Armour
  8376 | D:9      | Reached XP level 10. HP: 88/88 MP: 9/9
  8585 | D:9      | Noticed a two-headed ogre
  8597 | D:9      | Killed a two-headed ogre
  9101 | D:10     | Entered Level 10 of the Dungeon
  9617 | D:10     | Reached skill level 5 in Shields
  9739 | D:10     | Reached skill level 12 in Maces & Flails
  9986 | D:10     | Noticed a gargoyle
  9996 | D:10     | Killed a gargoyle
 10062 | D:10     | Received a gift from Trog
 10182 | D:10     | Found a staircase to the Orcish Mines.
 10242 | Orc:1    | Entered Level 1 of the Orcish Mines
 10245 | Orc:2    | Entered Level 2 of the Orcish Mines
 10245 | Orc:2    | Found a staircase to the Elven Halls.
 10253 | Orc:1    | Noticed Harold
 10253 | Orc:1    | Noticed a two-headed ogre
 10254 | Orc:1    | Noticed an orc sorcerer
 10260 | Orc:1    | Paralysed by an orc sorcerer for 2 turns
 10262 | Orc:1    | Noticed an orange demon
 10265 | Orc:1    | Noticed a sixfirhy
 10287 | Orc:1    | Killed from afar by an orc wizard

Vault maps used:
D:1:      mrwooster_arrival_statue_2, serial_glass, glass_columns_a,
          glass_columns_b, glass_columns_b, glass_columns_a, glass_columns_a,
          glass_columns_a, glass_columns_a, glass_columns_b, glass_columns_c,
          glass_columns_a
D:2:      marbit_many_paths, supply_closet_lemuel
D:3:      gammafunk_temple_overflow_claw, chequers_ecumenical_altar_lobes,
          first_ration
D:4:      nrook_mini_vaults, uniq_eustachio
D:5:      elyvilon_altar_4, uniq_sigmund
D:6:      portal_sewer_entry_d, uniq_edmund
D:7:      lemuel_round_altar, minmay_temple_entry_junction_2
D:8:      erik_lair_island, hangedman_little_slice_of_home, minmay_misc_feat_chi
D:9:      nicolae_gozag_cash_rules_everything_around_me, basic_altar
D:10:     erik_orc_1
Orc:1:    uniq_harold
Orc:2:    st_orc_mages, lab_entry_generic, basic_altar, uniq_saint_roka
Sewer:    sewer_minmay_w

Skill      XL: |  1  2  3  4  5  6  7  8  9 10 |
---------------+-------------------------------+-----
Fighting       | 4 5 6 7 8 9 |  9.1
Maces & Flails | 4 5 6 7 8 10 11 12 | 12.2
Armour         | 3 4 5 6 7 10 11 | 11.7
Shields        | 1 3 4 5 |  5.4
Throwing       | 1 |  1.2
Stealth        | 1 |  1.6
Dodging        | 3 |  3.0
Evocations     | |  0.5

Action                   |  1- 3 |  4- 6 |  7- 9 | 10-12 || total
-------------------------+-------+-------+-------+-------++-------
Melee: Mace              |    77 |    91 |   359 |   133 ||   660
       Headbutt          |    14 |    13 |    68 |    37 ||   132
Throw: Javelin           |       |       |     4 |       ||     4
Invok: Berserk           |       |     3 |    11 |     4 ||    18
       Burn Spellbooks   |       |     1 |     2 |       ||     3
       Brothers in Arms  |       |       |     2 |     6 ||     8
 Abil: Evoke Blink       |       |       |     1 |     1 ||     2
Evoke: Wand              |       |       |       |     1 ||     1
       Lightning rod     |       |       |       |     1 ||     1
  Use: Scroll            |    11 |     5 |    11 |     7 ||    34
       Potion            |       |       |     7 |     5 ||    12
  Eat: Chunk             |     2 |       |       |       ||     2
       Ration            |     1 |     2 |     8 |     4 ||    15
Armor: Chain mail        |    22 |       |       |       ||    22
       Ring mail         |     2 |       |       |       ||     2
       Plate armour      |    33 |    54 |   257 |   108 ||   452
Dodge: Dodged            |    33 |    25 |   155 |    86 ||   299
Block: Buckler           |     8 |     5 |    76 |    38 ||   127

Table legend:
 A = Spawn XP
 B = Non-spawn XP
 C = Spawn XP percentage of total XP
 D = Spawn monster count
 E = Non-spawn monster count
 F = Spawn count percentage of total count
 G = Total turns spent on level
                    A         B        C        D         E        F      G
               +---------+---------+-------+---------+---------+-------+---------
         Total |       0 |   10035 |   0.0 |       0 |     257 |   0.0 | 10287
               +---------+---------+-------+---------+---------+-------+---------
           D:1 |       0 |      50 |   0.0 |       0 |      25 |   0.0 |  1076
           D:2 |       0 |      36 |   0.0 |       0 |      11 |   0.0 |   698
           D:3 |       0 |      61 |   0.0 |       0 |      21 |   0.0 |  1182
           D:4 |       0 |     565 |   0.0 |       0 |      22 |   0.0 |   619
           D:5 |       0 |    1040 |   0.0 |       0 |      11 |   0.0 |   664
           D:6 |       0 |     556 |   0.0 |       0 |      20 |   0.0 |  1043
           D:7 |       0 |     539 |   0.0 |       0 |       6 |   0.0 |  1414
           D:8 |       0 |    1925 |   0.0 |       0 |      31 |   0.0 |  1063
           D:9 |       0 |    2251 |   0.0 |       0 |      19 |   0.0 |   982
          D:10 |       0 |    2564 |   0.0 |       0 |      38 |   0.0 |  1141
         Orc:1 |       0 |      86 |   0.0 |       0 |       5 |   0.0 |    37
         Sewer |       0 |     362 |   0.0 |       0 |      48 |   0.0 |   360
               +---------+---------+-------+---------+---------+-------+---------
